Cogmind - Beta 15 *** ADVENTURER MODE // 2025.09.02 @ 17:20:24 Player: Knightshade Result: Smashed by cave-in Performance ------------- Evolutions (0) 0 Regions Visited (2) 400 Robots Destroyed (36) 180 Value Destroyed (709) 709 Prototype IDs (14) 280 Alien Tech Used (0) 0 Bonus (0) 0 TOTAL SCORE: 1569 Bonus ------- None Cogmind --------- Core Integrity 0/250 Matter 285/300 Energy 200/200 System Corruption 1% Temperature Cool (0) Movement Rolling (185) Ox7 Location -10/Subcaves Parts ------- > --- POWER (1) -------- Subdweller Power Source > --- PROPULSION (2) --- Wheel Wheel > --- UTILITY (2) ------ Cargo Storage Unit > --- WEAPON (2) ------- Battle Cannon > --- INVENTORY (30) --- Subdweller Power Source Subdweller Monowheel Subdweller Monowheel Subdweller Monowheel Small Storage Unit Large Storage Unit Weight Redist. System Machine Analyzer Subdweller Optics Sensor Array Improved Terrain Scanner Medium Armor Plating Medium Armor Plating Medium Armor Plating Medium Armor Plating Makeshift Light Armor Plating Makeshift Light Armor Plating Scrap Shield Tower Shield Heavy Riot Gun Subdweller Laser Battle Rifle Light Cannon Light Cannon Battle Cannon Mining Laser Plasma Cutter Multitool Peak State ------------ > --- POWER ------------ Light Nuclear Core > --- PROPULSION ------- Compact Wheel Subdweller Monowheel > --- UTILITY ---------- Cargo Storage Unit > --- WEAPON ----------- Light Cannon Battle Cannon > --- INVENTORY -------- Spiked Treads Wheel Wheel Wheel Subdweller Monowheel Small Storage Unit Small Storage Unit Large Storage Unit Weight Redist. System Machine Analyzer Sensor Array Improved Terrain Scanner Medium Armor Plating Medium Armor Plating Medium Armor Plating Medium Armor Plating Scrap Shield Tower Shield Battle Rifle Light Cannon Battle Cannon Mining Laser Plasma Cutter Multitool [Rating: 17] Favorites ----------- Power Light Ion Engine Engine Light Ion Engine Power Core Light Nuclear Core Propulsion Compact Wheel Leg Aluminum Leg Wheel Compact Wheel Utility Cargo Storage Unit Device Seismic Detector Storage Cargo Storage Unit Weapon Battle Cannon Energy Gun Improved EM Shotgun Ballistic Gun Light Assault Rifle Ballistic Cannon Battle Cannon Special Weapon Mining Laser Build | -11 -10 -10 ------- Run | Yrd Mat Sub Slots Evolved . | . . . Power . | . . . Propulsion . | . . . Utility . | . . . Weapon . | . . . Parts Attached 31 | 8 10 13 Power 5 | 1 . 4 Engine 4 | 1 . 3 Core 1 | . . 1 Reactor . | . . . Propulsion 9 | 4 . 5 Treads . | . . . Leg 2 | 2 . . Wheel 7 | 2 . 5 Hover . | . . . Flight . | . . . Utility 5 | 1 4 . Device 1 | . 1 . Storage 4 | 1 3 . Processor . | . . . Hackware . | . . . Protection . | . . . Artifact . | . . . Weapon 12 | 2 6 4 Energy Gun 4 | 1 3 . Energy Cannon . | . . . Ballistic Gun 2 | 1 1 . Ballistic Cannon 5 | . 2 3 Launcher . | . . . Special Weapon 1 | . . 1 Impact Weapon . | . . . Slashing Weapon . | . . . Piercing Weapon . | . . . Special Melee Weapon . | . . . Unidentified Prototypes 1 | . 1 . Parts Lost 10 | . . 10 Power 3 | . . 3 Propulsion 4 | . . 4 Utility . | . . . Weapon 3 | . . 3 Highest Loss Streak 2 | . . 2 To Critical Strikes . | . . . Average Backups 19 | 5 12 22 Power . | . 1 . Propulsion 3 | 3 1 4 Utility 9 | . 4 12 Weapon 3 | . 3 4 Tool/Special . | . . . Unused Backups 32 | 1 6 25 Power . | . . . Propulsion 7 | 1 2 4 Utility 15 | . . 15 Weapon 8 | . 4 4 Tool/Special 2 | . . 2 Average Slot Usage (%) 84 | . 96 79 Engine 8 | . 14 5 Core 4 | . . 6 Leg 6 | . 21 . Wheel 19 | . 6 24 Device 2 | . 10 . Storage 14 | . 14 14 Energy Gun 6 | . 8 5 Ballistic Gun 3 | . 11 . Ballistic Cannon 16 | . 7 20 Special Weapon 1 | . . 2 Peak Build Rating 17 | 7 13 17 Average Rating 12 | 6 9 14 On Entrance 6 | . 7 13 Naked Turns . | . . . Heaviest Build 151 | 10 149 151 Greatest Support 36 | 26 26 36 Greatest Overweight (x) 14 | . 14 9 Average Overweight (x) 4 | . 1 5 Largest Inventory Capacity 30 | 8 30 30 Average Capacity 25 | 7 16 30 Most Carried 30 | 8 18 30 Average Carried 20 | 5 12 23 Final Capacity 30 | 8 30 30 Final Carried 30 | 8 18 30 Class Distribution -------------------- 75% | Hauler-Mutant 24% | Mutant Dominant Class ---------------- Mutant | -10/Materials Hauler-Mutant | -10/Subcaves Resources | -11 -10 -10 ----------- Run | Yrd Mat Sub Matter Collected 1145 | 299 253 593 Remotely . | . . . Salvage Created 1176 | 166 567 443 Parts 77 | 17 35 25 Haulers Intercepted 2 | . 2 . Recyclers Shooed 1 | 1 . . Parts Field Recycled . | . . . Retrieved Matter . | . . . Parts Self-Destructed 11 | . . 11 Prevented . | . . . Kills | -11 -10 -10 ------- Run | Yrd Mat Sub Combat Hostiles Destroyed 21 | . 10 11 Guns 14 | . 10 4 Cannons 7 | . . 7 Classes Destroyed 9 | 3 4 2 Worker 2 | 1 1 . Tunneler 5 | 5 . . Hauler 2 | . 2 . Recycler 3 | 1 2 . Watcher 3 | . 3 . Swarmer 8 | . 8 . Grunt 4 | . 2 2 Artisan 2 | . . 2 Subdweller 9 | . . 9 Best Kill Streak 6 | 4 6 2 Combat Bots Only 5 | . 5 2 Max Kills in Single Turn 1 | 1 1 1 Gunslinging . | . . . Exploded . | . . . Melee . | . . . Uniques/NPCs Destroyed . | . . . Combat | -11 -10 -10 -------- Run | Yrd Mat Sub Hostile Shots Fired 107 | . 56 51 Missed 27 | . 14 13 Hits 80 | . 42 38 Projectile 80 | . 42 38 Critical Strikes 3 | . 1 2 Damage Taken 1322 | . 312 1010 Core 276 | . 57 219 Absorbed by Shields . | . . . Ignored by Resistances 289 | . 101 188 Core Remaining (%) 100 | 100 . . Volleys Fired 143 | 21 43 79 Largest 2 | 2 2 2 Hottest 145 | 60 90 145 Shots Fired 275 | 42 86 147 Gun 159 | 42 86 31 Cannon 99 | . . 99 Launcher . | . . . Special 17 | . . 17 Kinetic 198 | 21 78 99 Thermal 38 | 21 . 17 Explosive . | . . . Electromagnetic 39 | . 8 31 Robot Hit Streak 26 | 26 16 26 Robot Miss Streak 4 | 2 4 3 Penetration Max . | . . . Secondary Targets 1 | . 1 . Max Gunslinging Chain 1 | . 1 . Shots Hit Robots 154 | 36 60 58 Core Hits 65 | 11 27 27 Critical Kills . | . . . Critical Parts Destroyed . | . . . Critical Strikes 2 | . . 2 Blast 2 | . . 2 Melee Attacks . | . . . Impact . | . . . Slashing . | . . . Piercing . | . . . Sneak Attacks . | . . . Combat Hostiles . | . . . Follow-up Attacks . | . . . Damage Inflicted 2004 | 333 765 906 Guns 1340 | 333 688 319 Cannons 500 | . . 500 Explosions 140 | . 77 63 Melee . | . . . Ramming . | . . . Kinetic 1199 | 134 565 500 Thermal 363 | 199 77 87 Explosive . | . . . Electromagnetic 442 | . 123 319 Impact . | . . . Slashing . | . . . Piercing . | . . . Highest Corruption . | . . . Average Corruption . | . . . Corruption Purged . | . . . Corruption Blocked . | . . . Overload Shots . | . . . Overflow Damage 25 | . . 25 Projectiles . | . . . Explosions 25 | . . 25 Melee . | . . . Knockbacks 5 | . . 5 Impact . | . . . Kinetic 5 | . . 5 Secondary . | . . . Self-Inflicted Damage 79 | . 35 44 Shots 3 | . 2 1 Rammed . | . . . Targets Rammed . | . . . Kicked . | . . . Crushed . | . . . Highest Temperature 204 | 60 60 204 Average Temperature 34 | 22 25 119 Received Heat Transfer 477 | . 45 432 Siege Activations . | . . . Martial Activations . | . . . Shielding Activations . | . . . Robots Disrupted . | . . . Combat Hostiles . | . . . Robots Corrupted . | . . . Combat Hostiles . | . . . Parts Fried 3 | . . 3 Impact Corruptions . | . . . Robots Melted . | . . . Combat Hostiles . | . . . Parts Melted 1 | 1 . . Heat Transferred 600 | 450 50 100 Parts Sabotaged . | . . . Parts Stolen . | . . . Parts Stripped . | . . . Power Chain Reactions 4 | . 3 1 Alert | -11 -10 -10 ------- Run | Yrd Mat Sub Maximum Alert Level . | . . . Low Security (%) 100 | 100 100 . Level 1 . | . . . Level 2 . | . . . Level 3 . | . . . Level 4 . | . . . Level 5 . | . . . High Security . | . . . Max Security . | . . . Peak Influence 137 | 10 137 . Initial . | . . . Average 23 | 2 26 . Influence Increases 384 | 35 299 50 Destroy 0b10 Robot/C 240 | . 200 40 Destroy 0b10 Robot/NC 75 | 35 40 . Destroy Leader 50 | . 40 10 Successful Hack 12 | . 12 . Destroy Structure 7 | . 7 . Influence Decreases 384 | 35 299 50 Time Decay 384 | 35 299 50 Squads Dispatched 1 | . 1 . Investigation 1 | . 1 . Extermination . | . . . Reinforcement . | . . . Assault . | . . . Garrison . | . . . Intercept . | . . . Searches Triggered . | . . . Construction Impeded . | . . . Haulers Reinforced . | . . . Active Scanning Responses . | . . . Cargo Convoy Interrupts . | . . . Stealth | -11 -10 -10 --------- Run | Yrd Mat Sub Distress Signals . | . . . Communications Jammed . | . . . Distress Signals . | . . . Times Spotted 29 | . 18 11 Peak Tracking Total 3 | . 3 2 Tactical Retreats . | . . . Traps | -11 -10 -10 ------- Run | Yrd Mat Sub Traps Triggered 6 | . 3 3 Indirectly . | . . . Trap Hack Attempts . | . . . Triggered . | . . . Disarmed . | . . . Reprogrammed . | . . . Reused . | . . . Traps Extracted . | . . . Installed . | . . . Triggered . | . . . Machines | -11 -10 -10 ---------- Run | Yrd Mat Sub Machines Disabled 1 | . . 1 Max in Single Turn 1 | . . 1 Machines Repaired . | . . . Machines Dismantled . | . . . Machines Sabotaged . | . . . Overloaded Fab Kills . | . . . Hacking | -11 -10 -10 --------- Run | Yrd Mat Sub Machines Accessed 9 | . 7 2 Terminals 7 | . 7 . Fabricators . | . . . Repair Stations . | . . . Recycling Units . | . . . Scanalyzers . | . . . Garrison Access . | . . . Total Hacks 22 | . 17 5 Successful 20 | . 15 5 Failed 2 | . 2 . Catastrophic . | . . . Database Lockouts . | . . . Manual 15 | . 15 . Terminals 17 | . 17 . Fabricators . | . . . Repair Stations . | . . . Recycling Units . | . . . Scanalyzers . | . . . Garrison Access . | . . . Terminal Hacks 9 | . 4 5 Record 4 | . . 4 Prototype ID Bank 1 | . 1 . Branch Access Points 1 | . 1 . Terminal Index 1 | . 1 . Zone Layout 1 | . 1 . Proto ID Catalog 1 | . . 1 Fabricator Hacks . | . . . Repair Station Hacks . | . . . Recycling Unit Hacks . | . . . Scanalyzer . | . . . Garrison Access Hacks . | . . . Unauthorized Hacks 11 | . 11 . Terminals 11 | . 11 . Botnet 6 | . 6 . Skim 5 | . 5 . Fabricators . | . . . Repair Stations . | . . . Recycling Units . | . . . Scanalyzers . | . . . Garrison Access . | . . . Data Cores Recovered . | . . . Used . | . . . Hacking Detections 6 | . 6 . Full Trace Events . | . . . Feedback Events . | . . . Feedback Blocked . | . . . Robot Schematics Acquired . | . . . Robots Built . | . . . Authchips . | . . . Time . | . . . Total Robot Build Rating . | . . . Part Schematics Acquired . | . . . Parts Built . | . . . Authchips . | . . . Time . | . . . Total Part Build Rating . | . . . Parts Repaired . | . . . Time . | . . . Parts Recycled . | . . . Recycled Matter . | . . . Retrieved Matter . | . . . Retrieved Components . | . . . Parts Scanalyzed . | . . . Part Schematics Acquired . | . . . Parts Damaged . | . . . Bothacking | -11 -10 -10 ------------ Run | Yrd Mat Sub Used RIF Installer . | . . . Robots Hacked . | . . . Non-combat . | . . . Combat . | . . . Robot Hacks Applied . | . . . Relay Couplers Released . | . . . Fabnet Peak Effective % . | . . . Robots Rewired . | . . . Allies Hacked . | . . . Hacks Repelled . | . . . Allies | -11 -10 -10 -------- Run | Yrd Mat Sub Total Allies . | . . . Largest Group . | . . . Highest-Rated Group . | . . . Highest-Rated Ally . | . . . Total Orders . | . . . Ally Attacks . | . . . Total Damage . | . . . Kills . | . . . Allies Corrupted . | . . . Allies Melted . | . . . Intel | -11 -10 -10 ------- Run | Yrd Mat Sub Active Infowar (turns) 1005 | . 1005 . Seismic 1005 | . 1005 . Robot Analysis Total . | . . . Derelict Logs Recovered 1 | . . 1 Drone Launches . | . . . Drone Recoveries . | . . . Exploration | -11 -10 -10 ------------- Run | Yrd Mat Sub Turns Passed 4889 | 181 1316 3392 Spaces Moved 2482 | 89 708 1685 Core 1 | 1 . . Treads . | . . . Legs 626 | 74 552 . Wheels 1855 | 14 156 1685 Hover . | . . . Flight . | . . . Fastest Speed 50 | 50 120 141 Average Speed 169 | 114 158 176 Slowest Speed 610 | 120 610 235 Overloaded Moves . | . . . Propulsion Burnouts . | . . . Robots Hopped . | . . . Potential Cave-ins 2 | . . 2 Cave-ins Triggered 1 | . . 1 Exploration Rate (%) 59 | 5 99 75 Regions Visited 2 Branch Regions 1 Pre-discovered Areas 3 | . 2 1 Known Exits Taken . | . . . Unknown Exits Taken 2 | 1 1 . Scrap Searched 11 | . . 11 Spaces Dug 8 | . . 8 Terrain Destroyed 14 | . 5 9 Melee . | . . . Projectile 8 | . . 8 AOE 6 | . 5 1 Terrain Rammed . | . . . Walls Destroyed . | . . . Machines Disabled . | . . . Actions | -11 -10 -10 --------- Run | Yrd Mat Sub Total 2866 | 127 828 1911 Wait 131 | . 23 108 Move 2480 | 88 707 1685 Hop . | . . . Pick Up 59 | 9 30 20 Fast Attach 9 | 6 1 2 Attach 11 | . 4 7 Detach . | . . . Swap 16 | 2 7 7 Drop 17 | 1 13 3 Fire 143 | 21 43 79 Melee . | . . . Ram . | . . . Kick . | . . . Crush . | . . . Escape Stasis . | . . . Rewire . | . . . Trap . | . . . Miscellaneous . | . . . Route ------- -11/Scrapyard -10/Materials (discovered 6 exits: [*Mat x3] / *Min x2 / *Sub) -10/Subcaves (discovered 3 exits: [*Mat x2] / Rec) History --------- Turn | Location | Event 17 | -11/Scrapyard | Discovered new exit (range 16) 182 | -11/Scrapyard | Entered Materials 308 | -10/Materials | Build established: Mutant 362 | -10/Materials | Discovered new exit (range 15) 486 | -10/Materials | Learned location of Mines (-10) 488 | -10/Materials | Discovered new exit (range 8) 524 | -10/Materials | Learned Storage trap positions 588 | -10/Materials | Learned 4 Subcaves zone layouts 599 | -10/Materials | Learned 4 Recycling zone layouts 650 | -10/Materials | Learned Storage trap positions 936 | -10/Materials | Discovered new exit (range 11) 1004 | -10/Materials | Identified exit to Mines 1059 | -10/Materials | Discovered new exit (range 5) 1457 | -10/Materials | Discovered new exit (range 8) 1485 | -10/Materials | Discovered new exit (range 9) 1486 | -10/Materials | Build established: Hauler-Mutant 1498 | -10/Materials | Entered Subcaves 1499 | -10/Subcaves | Approached by a straggling Scientist 1499 | -10/Subcaves | Identified exit to Recycling 1536 | -10/Subcaves | Visited Clippyterm 1541 | -10/Subcaves | Learned Factory garrison access intel 1557 | -10/Subcaves | Shifting Twisted Machinery released Sub. Monowheel 1566 | -10/Subcaves | Shifting Twisted Machinery released Scrap Shield 1738 | -10/Subcaves | Shifting Twisted Machinery released Battle Cannon 1770 | -10/Subcaves | Core integrity fell below 50% 1813 | -10/Subcaves | Shifting Twisted Machinery released Shrapnel Trap 1850 | -10/Subcaves | A swath of the cavern ceiling suddenly collapsed 1979 | -10/Subcaves | A swath of the cavern ceiling suddenly collapsed 2717 | -10/Subcaves | Ambushed by angry Subdweller bent on revenge 2949 | -10/Subcaves | Learned location of 1 exit from Materials 3227 | -10/Subcaves | Visited 4L-MR0's lab 3249 | -10/Subcaves | Found Tower Shield 3609 | -10/Subcaves | Discovered new exit (range 9) 3616 | -10/Subcaves | Core integrity fell below 20% 3730 | -10/Subcaves | Shifting Twisted Machinery released Sub. Power Source 3759 | -10/Subcaves | Shifting Twisted Machinery released Spk. Treads 4077 | -10/Subcaves | Learned location of Zion (-6) 4077 | -10/Subcaves | Met a Zionite searching for "candidates" 4091 | -10/Subcaves | Discovered new exit (range 9) 4641 | -10/Subcaves | Disturbed a concealed Subdweller 4891 | -10/Subcaves | Crushed by falling debris 4891 | -10/Subcaves | Smashed by cave-in Last Messages --------------- 04669_ Acquired Sub. Monowheel. 04672_ Searching scrap... 04672_ Found Scrap Shield. 04672_ Found 64 Matter. 04709_ Acquired Sub. Laser. 04864_ Searching scrap... 04864_ Found Sub. Power Source. 04864_ Found 36 Matter. 04865_ Acquired 36 matter. 04868_ Acquired Sub. Power Source. 04874_ Searching scrap... 04874_ Found Hvy. Riot Gun. 04874_ Found 38 Matter. 04875_ Acquired 4 matter. 04878_ Dropped Spk. Treads. 04879_ Acquired Hvy. Riot Gun. 04891_ The unstable cave ceiling collapses. 04891_ Crushed by falling debris. 04891_ Battle Cannon destroyed. 04891_ System corrupted by crushing effect (+1). Map ----- +----------------------------------------------------+ | ###??###??????????????????????????# ## ####?? | | ??????????????????????????????????# #?? | | ??????????????????????????????????# #?? | | ??????????????????????????????????# ### ##?? | | ?????????????????????????????????## #?# ##?? | | ????????????????????????????????## ### #?? | | ????????????????????????????????# #?? | | ????????????????????????????????# ## ##?? | | ????????????????????????????????# ### #### | | ????????????????????????????????# ##?## # | | ????????????????????????????????## ##???### | | ?????????????????????????????????# ##?####### ## | | ????????????????????????????????## #??# ###? | | ????????????????????????????????# #??# ### ## | | ???????????????????????????????## ##?# ##&## | | ########???????????????????????# #?# #"%%%# | | ##????###???????????????### ##?# #"* %# ## | | #????# #????????????????## #??# #|%!"# #? | | #???## ##???????????????# ##??# #=""## ## | | ##???# #???????????????## #???# %#### # | | #???## #????????????????# #???# [ ### | | #???# #????????????????# #???## ###?? | | #??## #????###??###????# #????# ###???? | | ###??# ##???##?####%###### #????# #????? | | ###### #????#??# ##= ##????# #????# | | ## ##???#??# @# ###### ##??## #???## | | ### #???#??### ##????## ##?# ##?## | | #####?# #???########??????## ##### ###"# | | ##?#### ###????#####?????????## #?# # ## | | ### #?###### #??????????## ##### #"##? | | & ### ####?????????## ####" #?? | | %& ## #?????????????## # # ###?? | | ## ## #??????????????# ## ##???? | | ## ## ## #??????????????## # ####?? | | ## ######### ####????????????## # # #?? | | # ##?????## ##???????????????# ## ##?? | | ### & #????##"" ## ???????????????# # ##? | | ###?## ! #????# " ###???????????????# ### ## | | ?????### & ##??## #??###????##??##### ##?## # | | ???????## "#### #### #??## #### ##???## | | ????????# "##" ### ##?# # ## ##?????## | | ???????## ## ### ## ###### ##???????# | | #?????##" ### # ## #### ##????????? | | #?????# " %### " ## ## ##?????????# | | #?????##"= ## " ## # ############# | | #??????# ##### # ## ### ## " | | ??????# """ ##???########?###### # #### | | ###??#"" " ## #??????????????????## ###??? | | ##?#"" "#### #???????????????????###????? | | ####" ##??####??????????????????????????? | +----------------------------------------------------+ Best States ------------- Heat Dissipation 25 Energy Generation 15 Energy Capacity 250 Matter Stores 300 Matter Capacity 300 Sight Range 16 Terrain Scan Density 10 Resistance: KI 20 Resistance: TH 20 Resistance: EX 20 Resistance: EM 20 Resistance: I 20 Resistance: S 20 Resistance: P 20 Evasion (%) 55 Offensive Hacking 10 Item Schematics ----------------- None Robot Schematics ------------------ None Fabricated ------------ Nothing Repaired ---------- Nothing Alien Tech Used ----------------- None Achievements -------------- None Challenges ------------ None Game ------ Seed MiningPitchforkDetector Manual? 0 Play Time 00:26:06 Cumulative 119.0 hours Start 2025.09.02 @ 16:28:26 End 2025.09.02 @ 17:20:24 Sessions 1 Manual Loads 0 Difficulty Adventurer Special Mode None Game No. 85 Rogue 0 Adventurer 85 Explorer 0 Win Type - Total 0 Types 0/0/0/0/0/0/0/0/0/0 Lore% 27 Gallery% 44 Achievement% 38 Wizard Run 0 Options --------- Layout 0 ASCII 0 Keyboard 0 Movement Mouse Keybinds 0 Fullscreen 1 Font 18/SmallcapsGlow Map View 76x50 Zoom Use 0% Tactical HUD 1 Map Filters NONE Filters NONE Steam 1 RUN: ad8c5e99-46d1-4e25-8768-8e8e448d2ca0